Map: 드림캐처 - 래더

Players

Patience

  • Race: Protoss Protoss
  • Spawn Location: 5:00

lIIllllIIlll (INnoVation) - Winner!

  • Race: Terran Terran
  • League: Master
  • Spawn Location: 11:00

Event: HomeStory Cup XVII

VOD

Have the link to the VOD?

Description

Time

  • Played on: June 29, 2018, 11:32 a.m.
  • Length: 8:16

All games in this series

Show
View Real Time Build Order
Export as new Build Order

Patience Protoss 

Build Orders: 1 Gate Expand, Blink Stalkers 

Get SALT Encoding   

  12  0:00  Probe  
  13  0:13  Probe  
  14  0:17  Pylon  
  14  0:23  Probe  
  15  0:31  Probe  
  15  0:38  Gateway  
  15  0:39  Probe  
  16  0:46  Assimilator  
  17  0:51  Probe  
  18  1:03  Probe  
  19  1:15  Probe  
  20  1:23  Nexus  
  20  1:32  Cybernetics Core  
  20  1:35  Probe  
  21  1:42  Assimilator  
  21  1:47  Probe  
  21  1:51  Pylon  
  22  1:59  Stalker  
  22  2:00  Probe  
  23  2:11  Warp Gate  
  23  2:12  Probe  
  26  2:21  Probe  
  26  2:29  Probe, Stalker  
  30  2:40  Probe  
  31  2:44  Probe  
  31  2:48  Probe, Twilight Council  
  32  2:56  Probe x2  
  35  3:06  Probe  
  35  3:08  Probe  
  35  3:10  Stalker  
  38  3:14  Probe  
  38  3:16  Robotics Facility  
  39  3:20  Probe  
  39  3:22  Probe  
  39  3:24  Blink  
  41  3:33  Probe  
  42  3:34  Probe  
  43  3:43  Gateway x2  
  43  3:45  Probe  
  43  3:47  Probe  
  45  3:50  Pylon  
  45  3:55  Assimilator  
  45  3:57  Assimilator, Probe  
  45  4:01  Observer  
  45  4:02  Pylon  
  46  4:08  Probe  
  46  4:09  Probe, Pylon  
  49  4:14  Stalker  
  51  4:19  Pylon  
  51  4:20  Probe  
  51  4:21  Probe, Observer  
  54  4:38  Stalker x3  
  56  4:40  Probe x2  
  56  4:43  Observer  
  63  4:50  Forge  
  63  4:55  Robotics Bay  
  63  4:59  Pylon  
  63  5:03  Stalker  
  63  5:04  Stalker  
  67  5:07  Stalker  
  69  5:18  Observer  
  69  5:19  Nexus  
  70  5:31  Gateway  
  70  5:32  Gateway  
  70  5:33  Gateway, Observer  
  70  5:36  Disruptor  
  70  5:38  Sentry, Protoss Ground Weapons Level 1  
  75  5:50  Zealot x2  
  75  5:51  Charge  
  75  5:52  Pylon  
  75  5:53  Probe  
  75  5:55  Probe  
  80  6:05  Probe  
  80  6:07  Probe, Pylon  
  80  6:08  Sentry  
  84  6:12  Disruptor  
  84  6:17  Probe  
  85  6:24  Zealot x2  
  91  6:25  Probe  
  91  6:29  Probe  
  91  6:31  Probe  
  93  6:33  Stalker  
  93  6:37  Probe  
  94  6:41  Probe  
  94  6:44  Stalker  
  94  6:45  Stalker x2  
  94  6:46  Disruptor  
  101  6:49  Stalker  
  96  6:59  Zealot x2  
  99  7:15  Stalker x4  
  100  7:24  Zealot x2  
  75  7:39  Stalker x2  
  75  7:40  Stalker x2  
  68  7:45  Stalker x2  
  68  7:46  Probe x2  
  68  7:47  Probe  
  64  8:07  Stalker x2  
  64  8:08  Zealot x4  
Show
View Real Time Build Order
Export as new Build Order

lIIllllIIlll Terran - Winner!

Build Orders: Reaper Expand, MMM Bio 

Get SALT Encoding   

  12  0:00  SCV  
  13  0:12  SCV  
  14  0:16  Supply Depot  
  14  0:25  SCV  
  15  0:38  SCV  
  15  0:40  Barracks  
  16  0:43  Refinery  
  16  0:50  SCV  
  17  1:02  SCV  
  18  1:14  SCV  
  19  1:27  Orbital Command, Reaper  
  20  1:40  Command Center  
  20  1:52  Barracks  
  20  1:54  SCV  
  20  1:59  Barracks Reactor  
  21  2:06  SCV  
  22  2:09  Supply Depot  
  22  2:12  Refinery  
  22  2:18  SCV  
  23  2:23  Factory  
  23  2:30  SCV  
  24  2:37  Marine x2  
  24  2:39  Barracks Tech Lab  
  24  2:42  SCV  
  26  2:52  Orbital Command  
  26  2:55  Marine x2, SCV  
  29  3:03  Stimpack  
  29  3:09  SCV  
  30  3:14  Starport  
  30  3:18  SCV  
  31  3:20  Factory Reactor  
  31  3:21  Marine  
  31  3:23  Marine  
  31  3:25  Marine  
  34  3:28  SCV  
  34  3:30  SCV  
  36  3:39  Marine  
  36  3:40  Marine  
  38  3:42  Supply Depot  
  38  3:43  Marine, SCV x2  
  41  3:55  Engineering Bay  
  41  3:58  Medivac  
  41  3:59  Medivac  
  41  4:00  Marine  
  46  4:03  Marine x2  
  46  4:05  SCV  
  46  4:06  SCV  
  46  4:07  Supply Depot  
  50  4:14  Factory Tech Lab  
  50  4:18  SCV x2  
  50  4:21  Supply Depot  
  50  4:23  Terran Infantry Weapons Level 1  
  52  4:26  Marine x2  
  52  4:28  Marine  
  55  4:34  Barracks  
  55  4:41  SCV x2  
  55  4:44  Siege Tank  
  60  4:48  Marine x2  
  60  4:49  Marine  
  62  4:54  Supply Depot  
  62  4:55  SCV  
  62  4:57  SCV  
  64  5:03  Combat Shields  
  64  5:05  Refinery  
  64  5:09  Marine  
  64  5:10  Marine x2  
  67  5:16  Supply Depot  
  67  5:21  Marine x2  
  67  5:24  Siege Tank  
  67  5:25  SCV  
  67  5:26  Supply Depot, SCV  
  74  5:29  Marine x2  
  74  5:30  Marine  
  74  5:35  Supply Depot  
  77  5:38  Medivac  
  77  5:41  Marine x2  
  81  5:47  Marine x2  
  81  5:48  Marine, SCV x2  
  85  5:51  Supply Depot  
  85  6:00  Marine  
  85  6:01  Marine  
  85  6:04  Factory Reactor  
  87  6:05  Supply Depot, Marine x2, SCV  
  87  6:06  Marauder, SCV  
  87  6:09  Medivac  
  93  6:22  Marine x3  
  93  6:25  SCV x2  
  97  6:27  Marauder  
  99  6:36  Command Center  
  99  6:37  Supply Depot  
  98  6:41  SCV x2  
  100  6:48  Marine x2  
  100  6:49  Marine x2, Marauder  
  99  6:54  Medivac x2  
  99  6:56  Bunker  
  99  6:59  Concussive Shells  
  99  7:00  SCV x2  
  104  7:11  Refinery  
  104  7:14  Barracks  
  104  7:15  SCV x2  
  100  7:17  Barracks  
  100  7:18  Marauder  
  100  7:19  Marine x4  
  101  7:33  SCV x2  
  94  7:37  Marine x3  
  94  7:39  Marauder  
  93  7:46  SCV x2  
  97  7:55  Engineering Bay  
  97  7:56  Armory  
  97  7:58  SCV  
Tags
 
Add a new tag
Caveats
  • Supply blocks, unpowered buildings, or Contaminate may cause inaccurate times.
  • Supply counts are checked every 10 seconds.